 Dungeon Crawl Stone Soup version 0.28.0 (webtiles) character file.

Game seed: 13154824838808605221

263 denis1488 the Insei (level 6, -4/41 HPs)
             Began as an Octopode Transmuter on Feb 14, 2022.
             Slain by a gnoll sergeant (17 damage)
             ... on level 3 of the Dungeon.
             The game lasted 00:04:40 (3129 turns).

denis1488 the Insei (Octopode Transmuter)           Turns: 3129, Time: 00:04:41

Health: -4/41      AC:  2    Str: 10    XL:     6   Next: 19%
Magic:  7/10       EV: 19    Int: 17    God:
Gold:   142        SH:  0    Dex: 17    Spells: 2/11 levels left

rFire   . . .      SeeInvis .     - Unarmed
rCold   . . .      Faith    .   (shield currently unavailable)
rNeg    . . .      Spirit   .   (helmet currently unavailable)
rPois   x          Reflect  .   (no amulet)
rElec   .          Harm     .   (no ring)
rCorr   .          Rampage  .   (no ring)
Will    .....                   (no ring)
Stlth   ++........              (no ring)
HPRegen 0.13/turn               (no ring)
MPRegen 0.12/turn               (no ring)
                                (no ring)
                                (no ring)

@: spider-form (expiring), wereblooded
A: venomous fangs, almost no armour, (amphibious), 8 rings, tiny, (camouflage
1), (gelatinous body 1), (nimble swimmer 1), (tentacles)
a: End Transformation


You were on level 3 of the Dungeon.
You were a venomous arachnid creature.
You visited 1 branch of the dungeon, and saw 3 of its levels.

You collected 142 gold pieces.

Inventory:

Missiles
 g - 6 poisoned darts
 h - 4 curare-tipped darts
Armour
 a - a +0 kite shield
Wands
 f - a wand of flame (14)
Scrolls
 b - a scroll of immolation {unknown}
 c - 5 scrolls of identify {unknown}
 d - a scroll of teleportation {unknown}
 e - a scroll of fear {unknown}


   Skills:
 + Level 2.7 Fighting
 - Level 2.0 Dodging
 + Level 4.0 Unarmed Combat
 + Level 3.1 Spellcasting
 + Level 3.4 Transmutations
 + Level 2.4 Poison Magic


You had 2 spell levels left.
You knew the following spells:

 Your Spells              Type           Power      Damage    Failure   Level
a - Beastly Appendage     Tmut           28%        N/A       13%         1
b - Wereblood             Tmut           14%        N/A       17%         2
c - Spider Form           Tmut/Pois      12%        N/A       34%         3
d - Mephitic Cloud        Conj/Pois/Air  5%         N/A       58%         3

Your spell library contained the following spells:

 Spells                   Type           Power      Damage    Failure   Level
 Sting                    Tmut/Pois      48%        1d5       14%         1
 Poisonous Vapours        Pois/Air       12%        N/A       34%         2
 Freeze                   Ice            8%         1d3       36%         1
 Ignite Poison            Fire/Tmut/Pois 9%         N/A       43%         3
 Frozen Ramparts          Ice            4%         1d2       67%         3
 Olgreb's Toxic Radiance  Pois           11%        N/A       73%         4
 Ice Form                 Ice/Tmut       8%         N/A       82%         4
 Hailstorm                Conj/Ice       2%         3d3       95%         4
 Freezing Cloud           Conj/Ice/Air   1%         6-21      100%        5


Dungeon Overview and Level Annotations

Branches:
Dungeon (3/15)

Altars:

Shops:
D:1 *


Innate Abilities, Weirdness & Mutations

You are a venomous arachnid creature.
You have poisonous fangs.
You are tiny and dextrous.
Your spellcasting is less reliable in this form.
Your armour is entirely melded.
You are incapable of wielding weapons or throwing items.
You cannot wear most types of armour.
((You are amphibious.))
You can wear up to eight rings at the same time.
((Your skin changes colour to match your surroundings (Stealth+).))
((Your rubbery body absorbs attacks. (AC +1, EV +1)))
((You are camouflaged when in or above water. (Stealth+)))
((You have tentacles for arms and can constrict up to eight enemies at once.))


Message History

You turn into a venomous arachnid creature.
The gnoll shouts!
A gnoll comes into view. It is wielding a +0 spear.
A gnoll sergeant comes into view. It is wielding a +3 trident of venom.
The gnoll shouts!
The gnoll sergeant shouts!
You barely miss the gnoll. The gnoll hits you with a +0 whip.
You barely miss the gnoll. The gnoll misses you.
You hit the gnoll.
The gnoll is poisoned.
The gnoll is moderately wounded.
The gnoll completely misses you. The gnoll sergeant misses you.
You hit the gnoll but do no damage.
The gnoll is poisoned.
The gnoll barely misses you. The gnoll sergeant closely misses you.
The gnoll hits you with a +0 whip.
You hit the gnoll.
The gnoll looks as sick as possible!
The gnoll is lightly wounded.
The gnoll hits you with a +0 whip. The gnoll sergeant barely misses you.
You hit the gnoll.
The gnoll looks as sick as possible!
The gnoll is severely wounded.
You feel a bit better.
You kill the gnoll!
The gnoll misses you.
The gnoll sergeant hits you from afar with a +3 trident of venom!
Unknown command.
Your transformation is almost over.
Things that are here:
a +0 whip; a gnoll corpse You hit the gnoll but do no damage.
The gnoll looks even sicker.
The gnoll is severely wounded.
The gnoll hits you with a +0 whip!
* * * LOW HITPOINT WARNING * * *
The gnoll misses you.
You barely miss the gnoll.
You feel a bit better.
You kill the gnoll!
The gnoll sergeant barely misses you.
You hit the gnoll.
The gnoll is poisoned.
The gnoll is moderately wounded.
The gnoll closely misses you.
The gnoll sergeant hits you from afar with a +3 trident of venom!
You die...

+.........+ ......
#.........# #..g..
##.......## #..#g#
##.(...## #.##.## #
##...## #.##..#.#
##'## #.###.#.# #.#
#.)g....# ###)#####
#g###.#.# #..)....#
#.)sg...# #....##.#
#####.###
###.....#.# #.#
..........########.#
###................#
#.#.....##########
#.#.###.# #.#.###.#
#.......#


You could see a gnoll sergeant and a gnoll (very poisoned).

Vanquished Creatures
  An ogre (D:2)
  Natasha (D:3)
  An orc wizard (D:3)
  5 gnolls
  2 adders
  2 worms (D:3)
  2 dart slugs (D:1)
  7 orcs (D:3)
  5 ball pythons
  6 bats
  5 endoplasms
  2 giant cockroaches (D:1)
  3 goblins (D:2)
  2 hobgoblins (D:1)
  3 kobolds
  4 frilled lizards
  A rat (D:1)
52 creatures vanquished.

Notes
Turn   | Place    | Note
-------+----------+-------------------------------------------
     0 | D:1      | denis1488 the Octopode Transmuter began the quest for the
                  | Orb.
     0 | D:1      | Reached XP level 1. HP: 13/13 MP: 3/3
    37 | D:1      | Found Kuokouto's Assorted Antiques.
    67 | D:1      | Reached XP level 2. HP: 7/18 MP: 3/5
   245 | D:1      | Learned a level 2 spell: Wereblood
   405 | D:1      | Found a faded altar of an unknown god.
   712 | D:1      | Reached XP level 3. HP: 23/23 MP: 4/6
   831 | D:1      | Learned a level 3 spell: Spider Form
  1416 | D:2      | Noticed an ogre
  1720 | D:2      | Killed an ogre
  1721 | D:2      | Reached skill level 1 in Poison Magic
  1721 | D:2      | Reached XP level 4. HP: 29/29 MP: 1/8
  1721 | D:2      | Reached XP level 5. HP: 34/34 MP: 1/9
  1886 | D:2      | Learned a level 3 spell: Mephitic Cloud
  2900 | D:3      | Noticed Natasha
  2907 | D:3      | Killed Natasha
  2908 | D:3      | Reached skill level 4 in Unarmed Combat
  2908 | D:3      | Reached XP level 6. HP: 18/41 MP: 7/10
  3129 | D:3      | Slain by a gnoll sergeant

Illustrated notes

Levels and vault maps discovered:
D:1:      evilmike_arrival_crescent, layout_basic,
          ebering_ecumenical_altar_ruins, serial_shops,
          nicolae_shop_overgrown_old_shop
D:2:      layout_rooms
D:3:      minmay_chambers_of_twos, layout_loops_corners, st_stairs_13,
          uniq_natasha

Skill      XL: |  1  2  3  4  5 |
---------------+----------------+-----
Fighting       | 2 |  2.7
Transmutations | 3 |  3.4
Poison Magic   | 1 2 |  2.4
Spellcasting   | 3 |  3.1
Unarmed Combat | 4 |  4.0
Dodging        | |  2.0

Action                   |  1- 3 |  4- 6 || total
-------------------------+-------+-------++-------
Melee: Unarmed           |    59 |    71 ||   130
       Kick              |    22 |       ||    22
       Constrict         |    15 |     6 ||    21
       Tentacles         |    11 |     2 ||    13
       Punch             |     3 |     1 ||     4
 Cast: Beastly Appendage |    15 |       ||    15
       Spider Form       |     1 |     6 ||     7
       Wereblood         |     1 |     3 ||     4
 Stab: Sleeping          |     5 |     2 ||     7
Armor: Skin              |     4 |     5 ||     9
Dodge: Dodged            |    31 |    53 ||    84
